[Event "Serbian-ch Semifinal Women 2024"]
[Site "Paracin"]
[Date "2024.02.05"]
[Round "1.1"]
[White "Radenkovic, Mila"]
[Black "Srdanovic, Jovana"]
[Result "0-1"]
[ECO "B13"]
[WhiteElo "1741"]
[BlackElo "2121"]
[Annotator "TA"]
[PlyCount "56"]
[EventDate "2024.02.04"]
[EventType "swiss"]
[EventCountry "SRB"]
[SourceTitle "playchess.com"]
[Source "ChessBase"]
[SourceQuality "1"]
[TimeControl "40/5400+30:1800+30"]

1. e4 c6 2. d4 d5 3. exd5 cxd5 4. Bd3 Nc6 5. c3 Qc7 6. h3 Nf6 7. Ne2 g6 8. Bf4 Qb6 9. Na3 {[%emt 0:05:44] White is slightly better.} a6 {[%emt 0:03:17] Repels Nb5} 10. Qb3 Qd8 11. O-O Bg7 12. Qc2 O-O 13. Rad1 Bd7 14. Ng3 b5 15. Qd2 Qb6 16. Rfe1 Rfe8 17. Nc2 a5 18. Ne3 b4 19. Bg5 Be6 20. Ne2 a4 21. Nf4 Qa5 22. Nxe6 fxe6 {[%emt 0:00:05] [#]} 23. Ng4 (23. Nc2 $1 $16) 23... Nxg4 $14 24. hxg4 bxc3 25. bxc3 e5 26. dxe5 Nxe5 27. Bb1 ({White should play} 27. Bf4 $11 Nf7 28. Re6) 27... e6 $15 28. Qf4 $1 {[%emt 0:01:12] [#]} Nd7 {[%emt 0:06:16][%mdl 32768] Weighted Error Value: White=0.17 (very precise) /Black=0.13 (very precise) .  Mistake:       	White=2     	Black=1      Inaccurate:     	White=2     	Black=5      OK:         	White=5     	Black=6      Best:        	White=1     	Black=1      Strong:       	White=1     	---       . Loss on time!?} ({Stronger than} 28... Qxc3 29. Rc1 Qb2 30. Rc7 $16) ({Black should try} 28... Nc4 $1 $17) 0-1

[Event "Serbian-ch Semifinal Women 2024"]
[Site "Paracin"]
[Date "2024.02.05"]
[Round "1.2"]
[White "Bukhteeva, Viktoria"]
[Black "Tadic, Ana"]
[Result "1-0"]
[ECO "D02"]
[WhiteElo "2070"]
[BlackElo "1746"]
[Annotator "NA RC"]
[PlyCount "89"]
[EventDate "2024.02.04"]
[EventType "swiss"]
[EventCountry "SRB"]
[SourceTitle "playchess.com"]
[Source "ChessBase"]
[SourceQuality "1"]
[TimeControl "40/5400+30:1800+30"]

1. d4 d5 2. Bf4 c5 3. e3 Nc6 4. Nf3 Nf6 5. Nbd2 cxd4 6. exd4 Nh5 7. Be3 e6 8. c3 Bd6 9. Bd3 Nf4 10. Bxf4 Bxf4 11. O-O O-O 12. Re1 Bd7 13. g3 Bh6 14. Qc2 g6 15. h4 Rc8 16. a3 f5 17. b4 Qc7 18. Nb3 b6 19. Qe2 Bg7 20. Rac1 f4 21. Ne5 Nxe5 22. dxe5 fxg3 23. fxg3 Bh6 24. Nd2 b5 25. Rc2 Qb6+ 26. Kg2 d4 27. Ne4 Bc6 28. Kh3 Bxe4 29. Qxe4 dxc3 30. h5 Qc6 31. Qxc6 Rxc6 32. hxg6 hxg6 33. Bxb5 Rc7 34. Re4 Rf3 35. Bc4 Kf7 36. Kg2 Re3 37. Rxe3 Bxe3 38. Rxc3 Bd4 39. Bxe6+ Kxe6 40. Rxc7 Kxe5 41. Kf3 Kd6 42. Rc2 Ke5 43. Kg4 Kf6 44. Rc6+ Kf7 45. a4 1-0

[Event "Serbian-ch Semifinal Women 2024"]
[Site "Paracin"]
[Date "2024.02.05"]
[Round "1.3"]
[White "Vujovic, Vera"]
[Black "Stankovic, Andrea"]
[Result "0-1"]
[ECO "C11"]
[WhiteElo "2123"]
[BlackElo "1714"]
[Annotator "NA RC"]
[PlyCount "88"]
[EventDate "2024.02.04"]
[EventType "swiss"]
[EventCountry "SRB"]
[SourceTitle "playchess.com"]
[Source "ChessBase"]
[SourceQuality "1"]
[TimeControl "40/5400+30:1800+30"]

1. e4 e6 2. d4 d5 3. Nc3 Nf6 4. e5 Nfd7 5. f4 c5 6. Nf3 Nc6 7. Be3 Qa5 8. dxc5 Bxc5 9. Bxc5 Nxc5 10. Qd2 a6 11. O-O-O Bd7 12. Kb1 b5 13. f5 Na4 14. Nxa4 Qxa4 15. Ng5 h6 16. Nf3 O-O-O 17. fxe6 Bxe6 18. Qc3 Kb7 19. Nd4 Rc8 20. Nxe6 fxe6 21. Rc1 Rhf8 22. g3 Rf2 23. Bh3 Nd4 24. Qd3 Rc6 25. Rhf1 Rxh2 26. Rf7+ Kb6 27. b3 Qb4 28. a3 Nxc2 29. Rxc2 Qe1+ 30. Kb2 Rcxc2+ 31. Qxc2 Qxe5+ 32. Kb1 Rxc2 33. Kxc2 Qe2+ 34. Kc1 Qe3+ 35. Kb2 Qd2+ 36. Kb1 Qe1+ 37. Ka2 Kc5 38. Rf8 e5 39. Rc8+ Kd4 40. Be6 Qxg3 41. Rd8 Qg2+ 42. Ka1 Kc3 43. Rc8+ Kxb3 44. Bxd5+ Qxd5 0-1

[Event "Serbian-ch Semifinal Women 2024"]
[Site "Paracin"]
[Date "2024.02.06"]
[Round "2.1"]
[White "Tadic, Ana"]
[Black "Vujovic, Vera"]
[Result "0-1"]
[ECO "C52"]
[WhiteElo "1746"]
[BlackElo "2123"]
[Annotator "NA RC"]
[PlyCount "60"]
[EventDate "2024.02.04"]
[EventType "swiss"]
[EventCountry "SRB"]
[SourceTitle "playchess.com"]
[Source "ChessBase"]
[SourceQuality "1"]
[TimeControl "40/5400+30:1800+30"]

1. e4 e5 2. Nf3 Nc6 3. Bc4 Bc5 4. b4 Bxb4 5. c3 Ba5 6. d4 exd4 7. O-O Nf6 8. e5 d5 9. exd6 cxd6 10. Re1+ Ne7 11. Nxd4 O-O 12. Ba3 a6 13. Qf3 Ng6 14. Bb3 Qc7 15. Bc2 Bg4 16. Qg3 Rfe8 17. Rc1 Ne5 18. h3 Bd7 19. Bf5 Nc4 20. Bb4 Bb6 21. Qd3 Ne5 22. Qd2 Bxf5 23. Nxf5 Ne4 24. Qd5 Nxf2 25. Kh2 Qd7 26. Nxd6 Nfg4+ 27. hxg4 Nxg4+ 28. Kg3 Bf2+ 29. Kf3 Re3+ 30. Kf4 Bg3+ 0-1

[Event "Serbian-ch Semifinal Women 2024"]
[Site "Paracin"]
[Date "2024.02.06"]
[Round "2.2"]
[White "Srdanovic, Jovana"]
[Black "Bukhteeva, Viktoria"]
[Result "1/2-1/2"]
[ECO "A97"]
[WhiteElo "2121"]
[BlackElo "2070"]
[Annotator "NA RC"]
[PlyCount "132"]
[EventDate "2024.02.04"]
[EventType "swiss"]
[EventCountry "SRB"]
[SourceTitle "playchess.com"]
[Source "ChessBase"]
[SourceQuality "1"]
[TimeControl "40/5400+30:1800+30"]

1. d4 f5 2. c4 e6 3. g3 Nf6 4. Bg2 Be7 5. Nc3 d6 6. Nf3 O-O 7. O-O Qe8 8. Re1 Ne4 9. Qc2 Qg6 10. e3 c6 11. b4 d5 12. Ne5 Qh5 13. f3 Nxc3 14. Qxc3 Nd7 15. a3 Nxe5 16. dxe5 Bd7 17. Bb2 Rac8 18. Rad1 Rfd8 19. Qb3 Bf8 20. e4 fxe4 21. cxd5 exd5 22. fxe4 Be6 23. exd5 cxd5 24. Bxd5 Rxd5 25. Rxd5 Qf7 26. Red1 Rd8 27. Rxd8 Bxb3 28. Rf1 Qe7 29. Rfxf8+ Qxf8 30. Rxf8+ Kxf8 31. Kf2 Ke7 32. Ke3 Ke6 33. Kd4 Bd5 34. Kc5 a6 35. Kb6 Bf3 36. a4 Bc6 37. b5 axb5 38. a5 Be4 39. Kxb5 Bf3 40. Kc5 Bg2 41. Kd4 Bf3 42. Ke3 Bd5 43. Kf4 Ba2 44. h4 Bb1 45. g4 Bc2 46. Ba3 Bb1 47. Bd6 Bc2 48. Bb8 Bb1 49. Bc7 Bc2 50. Bd6 Bb1 51. Bf8 Kf7 52. Bd6 Ke6 53. h5 Bc2 54. g5 Bb1 55. Bf8 Kf7 56. Ba3 Ke6 57. h6 gxh6 58. gxh6 Bc2 59. Bf8 Bb1 60. Bg7 Bc2 61. Ke3 Bb1 62. Kd4 Bc2 63. Kc5 Be4 64. Kb6 Bf3 65. Kc7 Be4 66. Kd8 Bf3 1/2-1/2

[Event "Serbian-ch Semifinal Women 2024"]
[Site "Paracin"]
[Date "2024.02.06"]
[Round "2.3"]
[White "Grozdanovic, Anastasia"]
[Black "Radenkovic, Mila"]
[Result "1-0"]
[ECO "E73"]
[WhiteElo "2051"]
[BlackElo "1741"]
[Annotator "NA RC"]
[PlyCount "55"]
[EventDate "2024.02.04"]
[EventType "swiss"]
[EventCountry "SRB"]
[SourceTitle "playchess.com"]
[Source "ChessBase"]
[SourceQuality "1"]
[TimeControl "40/5400+30:1800+30"]

1. d4 Nf6 2. c4 g6 3. Nc3 Bg7 4. e4 d6 5. Be2 O-O 6. Be3 e5 7. d5 c6 8. g4 cxd5 9. cxd5 Qa5 10. Kf1 Bd7 11. a3 Na6 12. g5 Nh5 13. Bxh5 gxh5 14. Qxh5 Rfc8 15. Qd1 Nc5 16. Nge2 Qa6 17. Kg2 f5 18. gxf6 Bxf6 19. Ng3 Nd3 20. Qd2 Kh8 21. Nce2 Rg8 22. Rad1 Bb5 23. a4 Qxa4 24. Nc3 Qxd1 25. Rxd1 Ba6 26. Ra1 h5 27. Kh1 Nc5 28. Bxc5 1-0

[Event "Serbian-ch Semifinal Women 2024"]
[Site "Paracin"]
[Date "2024.02.06"]
[Round "3.1"]
[White "Radenkovic, Mila"]
[Black "Jovanovic, Anja"]
[Result "1-0"]
[ECO "B02"]
[WhiteElo "1741"]
[BlackElo "1910"]
[Annotator "RC"]
[PlyCount "137"]
[EventDate "2024.02.04"]
[EventType "swiss"]
[EventCountry "SRB"]
[SourceTitle "playchess.com"]
[Source "ChessBase"]
[SourceQuality "1"]
[TimeControl "40/5400+30:1800+30"]

1. e4 Nf6 2. Nc3 d5 3. exd5 Nxd5 4. Nxd5 Qxd5 5. Nf3 Bf5 6. d3 Nc6 7. Be3 e5 8. Be2 Be7 9. O-O O-O 10. h3 Rad8 11. Qc1 h6 12. Rd1 Qe6 13. Nh2 Qg6 14. Bg4 Bxg4 15. hxg4 Bd6 16. g5 hxg5 17. Bxg5 Nd4 18. Re1 f6 19. Be3 Qh5 20. Qd1 Qxd1 21. Rexd1 Nxc2 22. Rac1 Nxe3 23. fxe3 b6 24. Nf3 Kf7 25. Kf2 g5 26. g4 Kg6 27. Ke2 Rh8 28. Rh1 Rhe8 29. e4 a5 30. Nd2 Rh8 31. Nf3 c5 32. a4 b5 33. axb5 Rxh1 34. Rxh1 Rb8 35. Nd2 Kg7 36. Nc4 Bc7 37. b6 Bxb6 38. Kd2 Bc7 39. Kc2 Rb7 40. Ra1 Rb5 41. Kc3 Kf7 42. Ne3 Bd8 43. Nd5 Rb8 44. Rh1 Kg7 45. Ne3 Rb4 46. Nc4 Bc7 47. Kc2 Rb8 48. Ne3 Bd8 49. Nd5 Rb7 50. Rh2 Ra7 51. Kb3 a4+ 52. Ka3 Ra5 53. Rc2 Kf7 54. Rc4 Ra7 55. Rxa4 Rb7 56. Ra6 Be7 57. Ka2 Rd7 58. Kb3 Bd6 59. Kc4 Ke6 60. Nc3 Kf7 61. Nb5 Be7 62. Ra7 Rd8 63. Rb7 Kf8 64. Kc3 Kf7 65. Na7 Ke6 66. Rxe7+ Kxe7 67. Nc6+ Kd7 68. Nxd8 Kxd8 69. Kc4 1-0

[Event "Serbian-ch Semifinal Women 2024"]
[Site "Paracin"]
[Date "2024.02.06"]
[Round "3.2"]
[White "Bukhteeva, Viktoria"]
[Black "Grozdanovic, Anastasia"]
[Result "1/2-1/2"]
[ECO "D02"]
[WhiteElo "2070"]
[BlackElo "2051"]
[Annotator "TA"]
[PlyCount "126"]
[EventDate "2024.02.04"]
[EventType "swiss"]
[EventCountry "SRB"]
[SourceTitle "playchess.com"]
[Source "ChessBase"]
[SourceQuality "1"]
[TimeControl "40/5400+30:1800+30"]

1. d4 Nf6 2. Bf4 d5 3. e3 c5 4. Nf3 Nc6 5. Nbd2 cxd4 6. exd4 {[%emt 0:00:15] D02: 1 d4 d5 2 Nf3 sidelines, including 2...Nf6 3 g3 and 2...Nf6 3 Bf4.} a6 7. Bd3 Bg4 8. c3 e6 9. Qb3 Bd6 10. Bg3 O-O 11. O-O b5 12. a3 $146 ({Predecessor:} 12. Rfe1 Bxg3 13. hxg3 Qb6 14. Ne5 Nxe5 15. Rxe5 Bh5 16. Qc2 Bg6 17. Bxg6 hxg6 18. Nf3 {0-1 Ptacek,L (2092)-Cerny,J (2063) CZE-chT2D 1314 2013 (8.5)}) 12... Na5 13. Qc2 Nc4 14. Ne5 Bh5 15. Rfe1 Rc8 16. Ndf3 Bxf3 17. Nxf3 a5 18. Qe2 h6 19. Ne5 a4 20. Bh4 Be7 21. Bg3 Nd7 22. f4 Ndxe5 23. dxe5 (23. fxe5 $14 Bh4 24. Bxh4 Qxh4 25. Rf1) 23... Bh4 24. Rab1 (24. Rad1 $11) 24... Bxg3 $15 25. hxg3 Qe7 26. Kh2 Rfd8 27. Rbd1 Rc7 28. Bb1 Rcd7 29. Rd4 g6 30. g4 $2 (30. Kg1 $11) 30... Nxb2 $1 $19 31. f5 {[%emt 0:00:32] [#]} Qg5 (31... Qxa3 32. Rb4 $16) (31... Nc4 $1 $19 {and Black stays clearly on top.} 32. fxg6 Qg5 (32... Qxa3 33. g5 $15) (32... Nxa3 33. gxf7+ Qxf7 34. Rf1 $15)) 32. fxe6 fxe6 33. Rf1 (33. Bxg6 $2 Nc4 34. Bh5 Rf8 $17 (34... Nxa3 35. Rf1 $17)) 33... Nc4 34. Rf6 Nxe5 35. Rxe6 Re7 36. Rxe7 Qxe7 37. Kh3 Nc6 38. Qxe7 Nxe7 39. Rd3 Kg7 40. Re3 Kf6 41. Bd3 d4 (41... Rb8 $17 {Strongly threatening ...g5.} 42. Rf3+ Ke5) 42. Rf3+ $11 Kg5 43. Bxb5 Nd5 44. cxd4 Nf4+ 45. Kg3 Rxd4 46. Re3 Nd5 47. Re5+ Kf6 48. Re1 $1 Nc3 49. Bc6 Rd3+ 50. Kh2 Kg5 51. Re6 Nd1 $2 {[%emt 0:03:25] [#]} (51... Rd8 $11 {and Black stays safe.}) 52. Bxa4 $2 (52. Be4 $1 $18 Rd8 (52... Rxa3 $2 53. g3 $18) 53. Rxg6+ (53. Bxg6 Kxg4 54. Bc2 Rd2 $16) 53... Kf4 54. Bf3) 52... Ne3 $11 53. Kg1 Rxa3 ({Much worse is} 53... Kxg4 $6 54. Rxg6+ Kf4 55. g3+ (55. Rxh6 Rxa3 56. Rh4+ Kg5 $11) 55... Ke4 56. Bc6+ (56. Rxh6 Rxa3 57. Bc6+ Kf5 $11) 56... Kf5 57. Rg8 $11) 54. Be8 Nxg4 ({Don't play} 54... Kxg4 55. Rxg6+ Kf5 56. Rc6 $11) 55. Rxg6+ Kf5 $1 56. Kf1 Re3 (56... Ra1+ $1 $15 57. Ke2 Ra2+ 58. Kf1 Nf6) 57. Rg8 $11 Nf6 58. Bg6+ Kg5 59. Rg7 Ng4 60. Bc2+ Kf4 61. Bd1 Ne5 62. Rh7 Nd3 63. Be2 (63. Rxh6 $2 Re1#) 63... Kg5 1/2-1/2

[Event "Serbian-ch Semifinal Women 2024"]
[Site "Paracin"]
[Date "2024.02.06"]
[Round "3.3"]
[White "Vujovic, Vera"]
[Black "Srdanovic, Jovana"]
[Result "1-0"]
[ECO "C42"]
[WhiteElo "2123"]
[BlackElo "2121"]
[Annotator "RC"]
[PlyCount "117"]
[EventDate "2024.02.04"]
[EventType "swiss"]
[EventCountry "SRB"]
[SourceTitle "playchess.com"]
[Source "ChessBase"]
[SourceQuality "1"]
[TimeControl "40/5400+30:1800+30"]

1. e4 e5 2. Nf3 Nf6 3. Nxe5 d6 4. Nf3 Nxe4 5. d4 d5 6. Bd3 Bd6 7. O-O O-O 8. c4 c6 9. Nc3 Nxc3 10. bxc3 dxc4 11. Bxc4 Bg4 12. h3 Bh5 13. Be2 Nd7 14. Re1 Re8 15. Bg5 Qa5 16. Qd2 h6 17. Bh4 Nb6 18. Rab1 Rab8 19. Ne5 Bxe2 20. Rxe2 Bxe5 21. Rxe5 Rxe5 22. dxe5 Nc4 23. Qd7 Qxe5 24. Rxb7 Rxb7 25. Qxb7 g5 26. Bg3 Qe1+ 27. Kh2 Nd2 28. Qb8+ Kh7 29. Be5 Nf1+ 30. Kg1 Ne3+ 31. Kh2 Qxf2 32. Qb1+ Qc2 33. Qxc2+ Nxc2 34. g4 Kg6 35. Kg3 f5 36. Kf3 Ne1+ 37. Ke2 Ng2 38. Kf3 Nh4+ 39. Ke3 fxg4 40. hxg4 h5 41. gxh5+ Kxh5 42. Bb8 a6 43. Kd4 Nf5+ 44. Kc5 Ne7 45. Kd6 Nd5 46. c4 Nb4 47. a3 Nc2 48. a4 Nb4 49. a5 Kg6 50. Kc5 Nd3+ 51. Kxc6 Nb2 52. c5 Nc4 53. Bc7 Kf5 54. Kd7 Ke4 55. Ke6 Kd4 56. Bb6 g4 57. c6+ Nxb6 58. axb6 g3 59. b7 1-0

[Event "Serbian-ch Semifinal Women 2024"]
[Site "Paracin"]
[Date "2024.02.07"]
[Round "4.1"]
[White "Srdanovic, Jovana"]
[Black "Stankovic, Andrea"]
[Result "1-0"]
[ECO "A50"]
[WhiteElo "2121"]
[BlackElo "1714"]
[Annotator "NA RC"]
[PlyCount "59"]
[EventDate "2024.02.04"]
[EventType "swiss"]
[EventCountry "SRB"]
[SourceTitle "playchess.com"]
[Source "ChessBase"]
[SourceQuality "1"]
[TimeControl "40/5400+30:1800+30"]

1. d4 e6 2. c4 Nf6 3. Bf4 Bb4+ 4. Nd2 c5 5. dxc5 Bxc5 6. e3 Nc6 7. Ngf3 h6 8. a3 a5 9. h3 O-O 10. Be2 d5 11. O-O Re8 12. Bh2 Bd6 13. Bxd6 Qxd6 14. cxd5 exd5 15. Rc1 Bf5 16. Bb5 Nd7 17. Bxc6 bxc6 18. Nd4 Be4 19. Rxc6 Qe5 20. Nxe4 dxe4 21. Qg4 Nf6 22. Qe2 Qg5 23. Rfc1 Nd7 24. Rc7 Ne5 25. R1c5 a4 26. Qc2 Qf6 27. Rb5 Rab8 28. Rxb8 Rxb8 29. Qxe4 g6 30. f4 1-0

[Event "Serbian-ch Semifinal Women 2024"]
[Site "Paracin"]
[Date "2024.02.07"]
[Round "4.2"]
[White "Grozdanovic, Anastasia"]
[Black "Vujovic, Vera"]
[Result "0-1"]
[ECO "D27"]
[WhiteElo "2051"]
[BlackElo "2123"]
[Annotator "RC"]
[PlyCount "128"]
[EventDate "2024.02.04"]
[EventType "swiss"]
[EventCountry "SRB"]
[SourceTitle "playchess.com"]
[Source "ChessBase"]
[SourceQuality "1"]
[TimeControl "40/5400+30:1800+30"]

1. d4 d5 2. c4 dxc4 3. Nf3 Nf6 4. e3 e6 5. Bxc4 c5 6. O-O a6 7. a4 Nc6 8. Qe2 cxd4 9. Rd1 Be7 10. exd4 O-O 11. Nc3 Nb4 12. Ne5 Nfd5 13. Qe4 Ra7 14. Bb3 b6 15. Nxd5 exd5 16. Qf3 Be6 17. Bd2 f6 18. Ng4 Nc6 19. Bc3 Qd7 20. Ne3 Rd8 21. Bc2 Bf8 22. Qh5 g6 23. Qf3 Bg7 24. h3 b5 25. b4 Rc7 26. axb5 axb5 27. Bd3 Qe7 28. Bxb5 Nxb4 29. Bxb4 Qxb4 30. Rab1 Qd6 31. Ba4 f5 32. Bb3 f4 33. Ng4 h5 34. Nh2 Rdc8 35. Qe2 Bf5 36. Ra1 Rb8 37. Ra6 Qd8 38. Qa2 Rxb3 39. Qxb3 Bc2 40. Qf3 Bxd1 41. Qxd1 Qc8 42. Qa4 Rc1+ 43. Nf1 Kh7 44. Rd6 Qc3 45. Qa6 Qc4 46. Qxc4 dxc4 47. d5 Rd1 48. Rc6 c3 49. g3 f3 50. d6 Kh6 51. h4 Kh7 52. Rc7 Rxd6 53. Ne3 Rd8 54. Rc6 Rd7 55. Rc8 Ra7 56. Rc4 Kg8 57. Kh2 Rb7 58. Nd1 Rb1 59. Ne3 Be5 60. Rc6 Bd4 61. Rxg6+ Kf7 62. Rg5 Bxe3 63. Rf5+ Kg6 64. Rxf3 c2 0-1

[Event "Serbian-ch Semifinal Women 2024"]
[Site "Paracin"]
[Date "2024.02.07"]
[Round "4.3"]
[White "Jovanovic, Anja"]
[Black "Bukhteeva, Viktoria"]
[Result "0-1"]
[ECO "B22"]
[WhiteElo "1910"]
[BlackElo "2070"]
[Annotator "NA RC"]
[PlyCount "100"]
[EventDate "2024.02.04"]
[EventType "swiss"]
[EventCountry "SRB"]
[SourceTitle "playchess.com"]
[Source "ChessBase"]
[SourceQuality "1"]
[TimeControl "40/5400+30:1800+30"]

1. e4 c5 2. Nf3 Nf6 3. e5 Nd5 4. d4 cxd4 5. c3 Nc6 6. cxd4 d6 7. Bc4 dxe5 8. dxe5 Ndb4 9. Qb3 e6 10. O-O Na5 11. Bb5+ Bd7 12. Qa4 Bxb5 13. Qxb5+ Nac6 14. Nc3 a6 15. Qe2 Qd3 16. Rd1 Qxe2 17. Nxe2 Be7 18. Nc3 Rd8 19. Rxd8+ Bxd8 20. Ne4 O-O 21. Nc5 Bc7 22. Bg5 h6 23. Bd2 b6 24. a3 bxc5 25. axb4 Nxb4 26. Kf1 a5 27. Ke2 Rd8 28. Rc1 Rd5 29. Bxb4 axb4 30. b3 Bxe5 31. Nxe5 Rxe5+ 32. Kd3 Rd5+ 33. Ke2 Kf8 34. Ra1 Ke7 35. Ra7+ Kf6 36. f4 g5 37. fxg5+ hxg5 38. Rc7 g4 39. Ke3 Rh5 40. Kf4 Rxh2 41. Kg3 Rh5 42. Kxg4 Rd5 43. Kf4 Rd3 44. Rxc5 Rxb3 45. Rb5 Rb2 46. g3 b3 47. Kf3 Rb1 48. Kg2 e5 49. g4 b2 50. Rb4 e4 0-1

[Event "Serbian-ch Semifinal Women 2024"]
[Site "Paracin"]
[Date "2024.02.08"]
[Round "5.1"]
[White "Vujovic, Vera"]
[Black "Jovanovic, Anja"]
[Result "1-0"]
[ECO "C68"]
[WhiteElo "2123"]
[BlackElo "1910"]
[Annotator "TA"]
[PlyCount "75"]
[EventDate "2024.02.04"]
[EventType "swiss"]
[EventCountry "SRB"]
[SourceTitle "playchess.com"]
[Source "ChessBase"]
[SourceQuality "1"]
[TimeControl "40/5400+30:1800+30"]

1. e4 e5 2. Nf3 Nc6 3. Bb5 a6 4. Bxc6 dxc6 5. O-O Bg4 6. h3 h5 7. d3 Qf6 8. Be3 Bxf3 9. Qxf3 Qxf3 10. gxf3 c5 11. Nd2 Nf6 ({Better is} 11... Bd6 $11) 12. f4 $14 exf4 {[%emt 0:06:04] White is slightly better.} 13. Bxf4 O-O-O 14. Be3 Be7 15. f4 Rdg8 16. Kf2 Nd7 17. Nf3 f6 (17... Re8 $14) 18. Rg1 $16 g6 19. Rg2 {[%emt 0:01:54] White is more active.} f5 (19... Nf8 $16 {was called for.} 20. Rag1 h4) 20. Rag1 $18 fxe4 21. dxe4 Nf6 22. Nd2 ({And not} 22. Rxg6 Nxe4+ 23. Ke2 Re8 $14) 22... Rd8 23. Rxg6 h4 24. f5 Rdf8 25. Bh6 Rf7 26. e5 Nd7 $2 {[%emt 0:01:13] [#]} (26... Ne8 {is a better chance.} 27. f6 Nxf6) 27. Rg8+ {[%emt 0:00:41] White is clearly winning.} Rxg8 28. Rxg8+ Nf8 29. f6 Bxf6 30. Rxf8+ Rxf8 31. Bxf8 Bxe5 32. b3 Kd7 33. Bxc5 Ke6 34. Nf3 Bf6 35. Ke2 Kd5 36. Bf2 Ke4 37. Bxh4 Bxh4 38. Nxh4 {[%emt 0:00:05] Black got outplayed after the opening.   Weighted Error Value: White=0.07 (flawless) /Black=0.42.  Mistake:       	---       	Black=4      OK:         	White=10    	Black=6      Best:        	White=1     	Black=2} 1-0

[Event "Serbian-ch Semifinal Women 2024"]
[Site "Paracin"]
[Date "2024.02.08"]
[Round "5.2"]
[White "Stankovic, Andrea"]
[Black "Grozdanovic, Anastasia"]
[Result "0-1"]
[ECO "D66"]
[WhiteElo "1714"]
[BlackElo "2051"]
[Annotator "RC"]
[PlyCount "158"]
[EventDate "2024.02.04"]
[EventType "swiss"]
[EventCountry "SRB"]
[SourceTitle "playchess.com"]
[Source "ChessBase"]
[SourceQuality "1"]
[TimeControl "40/5400+30:1800+30"]

1. d4 d5 2. Nf3 Nf6 3. c4 e6 4. Bg5 Be7 5. Nc3 h6 6. Bh4 O-O 7. e3 Nbd7 8. Rc1 c6 9. Bd3 dxc4 10. Bxc4 b5 11. Bd3 a6 12. O-O Bb7 13. Bxf6 Nxf6 14. Ne4 Rc8 15. Nc5 Bxc5 16. dxc5 Qc7 17. Bb1 Rcd8 18. Qc2 Bc8 19. e4 e5 20. Qc3 Rfe8 21. h3 Nh5 22. Rcd1 Nf4 23. Kh2 f6 24. Bc2 a5 25. a3 a4 26. b3 axb3 27. Bxb3+ Kh7 28. a4 bxa4 29. Bc4 Rxd1 30. Rxd1 Rd8 31. Ra1 Qd7 32. Rxa4 Nxh3 33. Nxe5 Qd1 34. Ra1 Qh5 35. gxh3 fxe5 36. Qg3 Rd4 37. Bf1 Qf7 38. Ra8 Be6 39. Ra3 Bc4 40. Qxe5 Qxf2+ 41. Bg2 Rd1 42. Qf5+ Qxf5 43. exf5 Bd5 44. Bf3 Bxf3 45. Rxf3 Rc1 46. f6 gxf6 47. Rxf6 Rxc5 48. Kg3 Kg7 49. Rd6 Rc1 50. Kh4 Rc3 51. Kg4 Rc5 52. h4 h5+ 53. Kf4 Kf7 54. Rh6 Ke7 55. Ke4 Kd7 56. Kd4 Ra5 57. Kc3 Kc7 58. Kb3 Kb6 59. Rg6 Rc5 60. Rg5 Kb5 61. Rg6 Rd5 62. Kc3 Kc5 63. Rg7 Rf5 64. Rg6 Kd5 65. Rg8 Ke4 66. Rc8 c5 67. Kc4 Kf3 68. Rg8 Rf4+ 69. Kxc5 Rxh4 70. Rh8 Kg3 71. Kd5 Ra4 72. Rg8+ Rg4 73. Rb8 h4 74. Rb3+ Kh2 75. Rb2+ Rg2 76. Rb3 Rf2 77. Ke4 h3 78. Rb6 Kg1 79. Ke3 h2 0-1

[Event "Serbian-ch Semifinal Women 2024"]
[Site "Paracin"]
[Date "2024.02.08"]
[Round "5.3"]
[White "Tadic, Ana"]
[Black "Srdanovic, Jovana"]
[Result "1/2-1/2"]
[ECO "D55"]
[WhiteElo "1746"]
[BlackElo "2121"]
[Annotator "NA RC"]
[PlyCount "54"]
[EventDate "2024.02.04"]
[EventType "swiss"]
[EventCountry "SRB"]
[SourceTitle "playchess.com"]
[Source "ChessBase"]
[SourceQuality "1"]
[TimeControl "40/5400+30:1800+30"]

1. Nf3 d5 2. d4 Nf6 3. c4 e6 4. Bg5 Be7 5. e3 O-O 6. Nc3 a6 7. cxd5 exd5 8. Bd3 c6 9. h3 Nbd7 10. O-O Re8 11. Qc2 Nf8 12. Rab1 Nh5 13. Bxe7 Qxe7 14. b4 g6 15. a4 Ng7 16. b5 axb5 17. axb5 Bf5 $14 18. bxc6 bxc6 19. Ne5 Bxd3 20. Qxd3 Rec8 21. Rb6 Qa3 22. Rxc6 Rxc6 23. Nxc6 Rc8 24. Qb5 Qxc3 25. Ne7+ Kh8 26. Nxc8 Qxc8 27. Qxd5 Kg8 1/2-1/2

[Event "Serbian-ch Semifinal Women 2024"]
[Site "Paracin"]
[Date "2024.02.09"]
[Round "6.1"]
[White "Grozdanovic, Anastasia"]
[Black "Tadic, Ana"]
[Result "1-0"]
[ECO "D23"]
[WhiteElo "2051"]
[BlackElo "1746"]
[Annotator "NA RC"]
[PlyCount "67"]
[EventDate "2024.02.04"]
[EventType "swiss"]
[EventCountry "SRB"]
[SourceTitle "playchess.com"]
[Source "ChessBase"]
[SourceQuality "1"]
[TimeControl "40/5400+30:1800+30"]

1. d4 d5 2. c4 dxc4 3. Nf3 Nf6 4. Qa4+ c6 5. Qxc4 Bf5 6. g3 e6 7. Bg2 Nbd7 8. O-O Be7 $11 9. e3 O-O 10. Nc3 Nb6 11. Qe2 Ne4 12. Ne5 Nxc3 13. bxc3 f6 14. e4 fxe5 15. exf5 exf5 16. Qxe5 Qd7 17. Qe2 Rae8 18. a4 Bf6 19. Qa2+ Qf7 20. a5 Qxa2 21. Rxa2 Nd5 22. Bd2 a6 23. Rb1 Rf7 24. c4 Ne7 25. Rxb7 Bxd4 26. Bg5 Bf6 27. Bxf6 Rxf6 28. Re2 Kf8 29. f4 Rd6 30. Ra7 Rd4 31. Bf1 Nc8 32. Rxe8+ Kxe8 33. Rxg7 Rd7 34. Rg8+ 1-0

[Event "Serbian-ch Semifinal Women 2024"]
[Site "Paracin"]
[Date "2024.02.09"]
[Round "6.2"]
[White "Milicevic, Dunja"]
[Black "Vujovic, Vera"]
[Result "0-1"]
[ECO "C78"]
[WhiteElo "1461"]
[BlackElo "2123"]
[Annotator "NA RC"]
[PlyCount "70"]
[EventDate "2024.02.04"]
[EventType "swiss"]
[EventCountry "SRB"]
[SourceTitle "playchess.com"]
[Source "ChessBase"]
[SourceQuality "1"]
[TimeControl "40/5400+30:1800+30"]

1. e4 e5 2. Nf3 Nc6 3. Bb5 a6 4. Ba4 b5 5. Bb3 Bc5 6. O-O Nf6 7. d3 d6 8. c3 Bb6 9. h3 O-O 10. Re1 Ne7 11. Nbd2 Ng6 12. Nf1 h6 13. Ng3 Be6 14. Rf1 Qc8 15. Kh2 Re8 16. Ng1 ({Better is} 16. a4 $11) 16... c5 $15 17. Bxe6 fxe6 18. f4 exf4 19. Bxf4 Nxf4 20. Rxf4 Bc7 21. Rf3 d5 22. Qe1 Qb8 23. Kh1 c4 24. N1e2 cxd3 25. Rxd3 dxe4 26. Re3 Bb6 27. Nd4 e5 28. Ndf5 Bxe3 29. Qxe3 Qa7 30. Nxe4 Qxe3 31. Nxf6+ gxf6 32. Nxe3 Rad8 33. Ng4 Kg7 34. a4 f5 35. Nh2 bxa4 0-1